 Dungeon Crawl Stone Soup version 0.26.1-2-gb8aa6d0cf2 (webtiles) character file.

Game seed: 16821318221454164968

49 Descartes the Magician (level 3, -3/19 HPs)
             Began as a Deep Elf Hedge Wizard on Feb 23, 2021.
             Was an Initiate of Qazlal.
             Slain by an ogre
             ... wielding a +0 giant club
              (22 damage)
             ... on level 2 of the Dungeon.
             The game lasted 00:03:25 (1958 turns).

Descartes the Magician (Deep Elf Hedge Wizard)      Turns: 1958, Time: 00:03:25

Health: -3/19      AC:  2    Str:  7    XL:     3   Next: 51%
Magic:  4/11       EV: 13    Int: 19    God:    Qazlal [......]
Gold:   92         SH:  0    Dex: 14    Spells: 11/12 levels left

rFire    . . .     SeeInvis .   a - +0 dagger
rCold    . . .     Faith    .   (no shield)
rNeg     . . .     Spirit   .   b - +0 robe
rPois    .         Reflect  .   c - +0 hat
rElec    .         Harm     .   (no cloak)
rCorr    .         Rampage  .   (no gloves)
Will     .....                  (no boots)
Stlth    ++........             (no amulet)
HPRegen  0.06/turn              q - ring of wizardry
MPRegen  0.12/turn              (no ring)

@: no status effects
A: no striking features
a: Renounce Religion


You were on level 2 of the Dungeon.
You worshipped Qazlal.
Qazlal was noncommittal.
You visited 1 branch of the dungeon, and saw 2 of its levels.

You collected 92 gold pieces.

Inventory:

Hand Weapons
 a - a +0 dagger (weapon)
Missiles
 h - 109 stones
 n - 15 poisoned darts
 o - 29 bolts
 p - 36 arrows
Armour
 b - a +0 robe (worn)
 c - a +0 hat (worn)
Jewellery
 q - a ring of wizardry (left hand)
Scrolls
 e - 2 scrolls of teleportation {unknown}
 k - a scroll of identify {unknown}
 l - a scroll of enchant armour {unknown}
 m - 3 scrolls of fear {unknown}
Potions
 d - a potion of degeneration {unknown}
 f - a potion of flight
 g - a potion of mutation {unknown}
 i - a potion of magic {unknown}
 j - a potion of haste {unknown}


   Skills:
 - Level 2.4 Dodging
 - Level 2.4 Stealth
 - Level 5.0 Spellcasting
 + Level 3.3 Conjurations
 - Level 1.1 Summonings
 - Level 1.1 Translocations


You had 11 spell levels left.
You knew the following spells:

 Your Spells              Type           Power        Failure   Level
a - Magic Dart            Conj           68%          1%          1

Your spell library contained the following spells:

 Spells                   Type           Power        Failure   Level
 Blink                    Tloc           N/A          4%          2
 Call Imp                 Summ           8%           4%          2
 Slow                     Hex            4%           8%          2
 Conjure Flame            Conj/Fire      11%          8%          3
 Mephitic Cloud           Conj/Pois/Air  9%           10%         3


Dungeon Overview and Level Annotations

Branches:
Dungeon (2/15)

Altars:
Elyvilon
Qazlal


Message History

Aim: an ogre, wielding a +0 giant club (heavily wounded, 0% to evade)
The magic dart hits the ogre.
The ogre is heavily wounded.
Casting: Magic Dart (safe; 1% risk of failure)
Confirm with . or Enter, or press ? or * to list all spells.
Aiming: Magic Dart (safe; 1% risk of failure)
Press: ? - help, Shift-Dir - straight line, f/p - ogre
Aim: an ogre, wielding a +0 giant club (heavily wounded, 0% to evade)
The magic dart hits the ogre.
The ogre is severely wounded.
Casting: Magic Dart (safe; 1% risk of failure)
Confirm with . or Enter, or press ? or * to list all spells.
Aiming: Magic Dart (safe; 1% risk of failure)
Press: ? - help, Shift-Dir - straight line, f/p - ogre
Aim: an ogre, wielding a +0 giant club (severely wounded, 0% to evade)
The magic dart hits the ogre.
The ogre is almost dead.
The ogre hits you with a +0 giant club!!
Ouch! That really hurt!
You die...

#####.# #.# #.##.#
#.......... #
#.###.###.##.#
#.......### #
#............#
###...### # #
#####.###.#### #...#
#########.# #.# ##.##
........#.# #.# #.#
######....# #.# #.#
#..### #.############.#
#..# #.##@O.......#.#
#..# #.##.#######.#.#
#..# #.##.#######.#.#
#..#####.##.......#.#.#
#..............##.#.#.#
#.######.##.##.##.#.#.#
######.#
#.##.##........#
.......#
#.##.#####.#.###
######## #.##.#####.#.#
######


You could see an ogre.

Vanquished Creatures
  An adder (D:2)
  An ooze (D:2)
  A worm (D:2)
  A dart slug (D:2)
  3 leopard geckos
  2 giant cockroaches (D:1)
  2 goblins (D:1)
  2 hobgoblins (D:1)
  A quokka (D:2)
  3 bats
  3 frilled lizards (D:2)
  4 kobolds
  5 rats (D:1)
29 creatures vanquished.

Vanquished Creatures (others)
  8 toadstools (D:2)
8 creatures vanquished.

Grand Total: 37 creatures vanquished

Notes
Turn   | Place    | Note
-------+----------+-------------------------------------------
     0 | D:1      | Descartes the Deep Elf Hedge Wizard began the quest for the
                  | Orb.
     0 | D:1      | Reached XP level 1. HP: 10/10 MP: 7/7
   470 | D:1      | Reached XP level 2. HP: 15/15 MP: 6/9
  1084 | D:2      | Reached skill level 5 in Spellcasting
  1197 | D:2      | Found a stormy altar of Qazlal.
  1205 | D:2      | Became a worshipper of Qazlal Stormbringer
  1350 | D:2      | Reached XP level 3. HP: 2/19 MP: 1/11
  1845 | D:2      | Found a white marble altar of Elyvilon.
  1951 | D:2      | Noticed an ogre
  1958 | D:2      | Slain by an ogre

Illustrated notes

Levels and vault maps discovered:
D:1:      lordsloth_arrival_two_stooges, layout_loops_ring, minmay_domino_2
D:2:      cheibrodos_fertilizer, layout_loops_ring, marbit_many_paths,
          overflow_temple_1_default, elyvilon_altar_3, kennysheep_slug_shrine

Skill      XL: |  1  2  3 |
---------------+----------+-----
Conjurations   | 2 3 |  3.3
Spellcasting   | 5 |  5.0
Dodging        | |  2.4
Stealth        | |  2.4
Summonings     | |  1.1
Translocations | |  1.1

Action                   || total
-------------------------++-------
Melee: Dagger            ||     7
 Cast: Magic Dart        ||    85
  Use: Potion            ||     2
Armor: Robe              ||     4
Dodge: Dodged            ||    12
